[Event "Team 45 45 League T40"]
[Site "Internet Chess Club"]
[Date "2009.01.31"]
[Round "1"]
[White "kwameh72"]
[Black "jrichman38"]
[Result "1-0"]
[WhiteElo "1629"]
[BlackElo "1442"]
[Opening "Sicilian"]
[ECO "B50"]
[Time "18:00:06"]
[TimeControl "2700+45"]

1. e4 c5 2. Nf3 d6 3. d3 Nc6 4. g3 Bg4 5. h3 Bxf3 6. Qxf3 Nd4 7. Qd1 Nf6 8. Bg2
Qc7 9. O-O g6 10. c3 Nc6 11. Na3 Bg7 12. Nc4 b5 13. Ne3 e6 14. Ng4 O-O 15. Nh6+
Kh8 16. Bg5 Ng8 17. Qd2 f6 18. Be3 Nxh6 19. Bxh6 Bxh6 20. Qxh6 Qg7 21. Qe3 e5
22. f4 a6 23. b3 b4 24. fxe5 fxe5 25. cxb4 Rxf1+ 26. Rxf1 Nxb4 27. Qd2 Rf8 28.
a3 Rxf1+ 29. Bxf1 Nc6 30. b4 cxb4 31. axb4 Nd4 32. Qa2 Qa7 33. Kg2 Qb6 34. Qf7
Qd8 35. Qa7 Qc8 36. Qf7 Qg8 37. Qf6+ Qg7 38. Qxd6 Kg8 39. Qxa6 Qf7 40. Qc4 Qxc4
41. dxc4 Kf7 42. c5 Ke7 43. Bc4 Nc6 44. b5 Na5 45. Bd5 Kd7 46. b6 Nc6 47. Bxc6+
Kxc6 48. Kf2 h6 49. g4 g5 50. Kg3 Kb7 51. h4 Kc6 52. hxg5 hxg5 53. Kf2 Kb7 54.
Ke3 Kc6 55. Kd3 Kb7 56. Kc4 Kc6 57. Kb4 Kb7 58. Kb5 Kc8 59. Kc6 Kb8 60. Kd7 Kb7
61. c6+ Kb8 62. c7+ Kb7 63. c8=Q+ Kxb6 64. Qc7+ Kb5 65. Qd6 Kc4 66. Qxe5 Kd3 67.
Qxg5 Kxe4 68. Qf5+ Kd4 69. Qe6 Kd3 70. Qe5 Kc4 71. Kd6 Kd3 72. Qf4 Kc3 73. Kd5
Kd3 74. Qf2 Kc3 75. Qe2 Kb3 {Black resigns} 1-0

[Event "Team 45 45 League T40"]
[Site "Internet Chess Club"]
[Date "2009.01.28"]
[Round "1"]
[White "Aquaman"]
[Black "Concordborn"]
[Result "1-0"]
[WhiteElo "1386"]
[BlackElo "1401"]
[Opening "Blackmar-Diemer gambit"]
[ECO "D00"]
[Time "20:30:06"]
[TimeControl "2700+45"]

1. d4 Nf6 2. Nc3 d5 3. e4 Nxe4 4. Nxe4 dxe4 5. Be3 b6 6. Bc4 Bb7 7. f3 e6 8. g3
Be7 9. fxe4 Bxe4 10. Nf3 O-O 11. O-O Nc6 12. c3 Bf6 13. Nd2 Bd5 14. Bd3 h6 15.
Ne4 Bxe4 16. Bxe4 Qd6 17. Bxh6 gxh6 18. Rxf6 Rfd8 19. Qf3 Nxd4 20. cxd4 Qxd4+
21. Kg2 Qxb2+ 22. Kh3 Rac8 23. Rf1 Rd2 24. Rxf7 Rxh2+ 25. Kg4 h5+ 26. Kg5 Qe5+
27. Kg6 Qd6 28. Rg7+ Kh8 29. Rh7+ Kg8 30. Qf7# {Black checkmated} 1-0

[Event "Team 45 45 League T40"]
[Site "Internet Chess Club"]
[Date "2009.01.31"]
[Round "1"]
[White "playwaycool"]
[Black "Klampin"]
[Result "1-0"]
[WhiteElo "2067"]
[BlackElo "1901"]
[Opening "QGD Slav: exchange variation, 6.Bf4 Bf5"]
[ECO "D14"]
[Time "14:00:11"]
[TimeControl "2700+45"]

1. d4 d5 2. c4 c6 3. cxd5 cxd5 4. Nf3 Nf6 5. Nc3 Nc6 6. Bf4 Bf5 7. Rc1 e6 8. e3
Bd6 9. Bxd6 Qxd6 10. Bd3 Bxd3 11. Qxd3 O-O 12. O-O a6 13. a3 Rac8 14. Na4 Ne4
15. Nc5 Nxc5 16. Rxc5 Ne5 17. Nxe5 Rxc5 18. dxc5 Qxe5 19. Qd4 f6 20. b4 Rd8 21.
Rc1 Qxd4 22. exd4 e5 23. Kf1 Kf7 24. c6 b5 25. c7 Rc8 26. Rc6 Ke7 27. Ke2 Kd7
28. Rxa6 Rxc7 29. Kd2 h6 30. Rb6 Ra7 31. Rxb5 Rxa3 32. Rxd5+ Ke6 33. Ra5 Rb3 34.
dxe5 Rxb4 35. exf6 Kxf6 36. g3 Re4 37. Kd3 Re6 38. Ra4 g5 39. Re4 Ra6 40. Ke3
Ra3+ 41. Ke2 Kf5 42. Rb4 Ra2+ 43. Kf1 Ra6 44. Kg2 Re6 45. h4 Kg6 46. Rd4 Ra6 47.
Rb4 Rc6 48. Rd4 Rb6 49. hxg5 hxg5 50. Rd8 Rf6 51. Rg8+ Kf5 52. f3 Rc6 53. Rf8+
Kg6 54. Kh3 Rc4 55. Re8 Rc3 56. Kg4 Rc4+ 57. Re4 Rc6 58. Ra4 Rd6 59. Rb4 Rc6 60.
Ra4 Rd6 61. Rc4 Rb6 62. Rc5 Rb4+ 63. Kh3 Rb6 64. Rc8 Rd6 65. Rg8+ Kf6 66. Kg4
Rd4+ 67. Kh5 Rd3 68. Rf8+ Kg7 69. Rf5 Rd6 70. Rxg5+ Kh7 71. f4 Rd4 72. Ra5 Rc4
73. f5 Kg7 74. Kg5 Rb4 75. g4 {Black resigns} 1-0

[Event "Team 45 45 League T40"]
[Site "Internet Chess Club"]
[Date "2009.02.02"]
[Round "1"]
[White "superbeast"]
[Black "carokantor"]
[Result "0-1"]
[WhiteElo "1700"]
[BlackElo "1944"]
[Opening "English, 1...Nf6 (Anglo-Indian defense)"]
[ECO "A13"]
[Time "19:30:35"]
[TimeControl "2700+45"]

1. c4 Nf6 2. g3 e6 3. Bg2 d5 4. Nf3 c6 5. O-O Bd6 6. a4 a5 7. Na3 Na6 8. cxd5
exd5 9. d3 O-O 10. Bd2 Re8 11. Re1 Bg4 12. Nc2 Bxf3 13. Bxf3 Nc5 14. b4 Nb3 15.
Rb1 Nxd2 16. Qxd2 axb4 17. Rxb4 Bxb4 18. Qxb4 Qe7 19. Qb3 Qc7 20. Nd4 Ra7 21.
Rc1 Qa5 22. Ra1 g6 23. e3 Nd7 24. Bd1 Nc5 25. Qc2 Na6 26. Nb3 Qb4 27. Nd4 Qc5
28. Qb3 Qb4 29. Qc2 Qd6 30. Nb3 Rea8 31. d4 Nb4 32. Qb1 Na6 33. Qc2 h5 34. h4
Re8 35. Qe2 Qe7 36. Nd2 Nb8 37. Nf3 Nd7 38. Qc2 Nf6 39. Ng5 Ne4 40. Nxe4 Qxe4
41. Qc5 Raa8 42. Qb6 Rab8 43. a5 Qe7 44. Be2 Qd8 45. Qb1 Qc7 46. Ra2 Ra8 47. Qa1
Ra7 48. a6 b5 49. Rc2 Qb6 50. Qc1 Rxa6 51. Kg2 Re6 52. g4 hxg4 53. Bxg4 f5 54.
Bf3 Qd8 55. Qh1 Re7 56. Qh3 Rh7 57. Rc1 Rxh4 58. Qg3 Kg7 59. Qe5+ Kh6 60. Kf1 b4
61. Qg3 b3 62. Qb8 {White resigns} 0-1

[Event "Team 45 45 League T40"]
[Site "Internet Chess Club"]
[Date "2009.01.31"]
[Round "1"]
[White "EireKnight"]
[Black "nursey"]
[Result "0-1"]
[WhiteElo "1578"]
[BlackElo "1702"]
[Opening "Ruy Lopez: Wormald (Alapin) attack"]
[ECO "C77"]
[Time "16:54:19"]
[TimeControl "2700+45"]

1. e4 e5 2. Nf3 Nc6 3. Bb5 a6 4. Ba4 Nf6 5. Qe2 d6 6. c3 b5 7. Bb3 Bg4 8. O-O
Bxf3 9. Qxf3 Be7 10. Rd1 O-O 11. d4 exd4 12. cxd4 d5 13. e5 Ne4 14. Nc3 Nb4 15.
Nxe4 dxe4 16. Qxe4 a5 17. a3 a4 18. axb4 axb3 19. Rxa8 Qxa8 20. Qd3 Qd5 21. Qc3
Qc4 22. Rd3 Bxb4 23. Qxc4 bxc4 24. Rd1 c3 25. bxc3 Bxc3 26. Bd2 Bxd4 27. Bb4 Rd8
28. Bc3 Bxf2+ {White resigns} 0-1

[Event "Team 45 45 League T40"]
[Site "Internet Chess Club"]
[Date "2009.01.31"]
[Round "1"]
[White "rayonline53"]
[Black "Gunsmoke"]
[Result "1-0"]
[WhiteElo "1566"]
[BlackElo "1539"]
[Opening "King's gambit"]
[ECO "C30"]
[Time "15:02:13"]
[TimeControl "2700+45"]

1. e4 e5 2. f4 d6 3. Nf3 Nc6 4. Bc4 h6 5. d3 Bg4 6. h3 Bxf3 7. Qxf3 Nd4 8. Qf2
Qf6 9. Nc3 c6 10. O-O b5 11. Bb3 Nxb3 12. axb3 g6 13. Ra6 b4 14. Ne2 c5 15. Be3
Be7 16. Rfa1 exf4 17. Bxc5 Qxb2 18. Bxb4 Nf6 19. Rxa7 Qxa1+ 20. Rxa1 Rxa1+ 21.
Kh2 g5 22. Qd4 Ra6 23. Qc4 Rb6 24. Qc8+ Bd8 25. Ba5 O-O 26. Bxb6 Bxb6 27. Qc3
Nh5 28. d4 Re8 29. Qc6 Rb8 30. Qxd6 Rb7 31. Qxh6 {Black resigns} 1-0

[Event "Team 45 45 League T40"]
[Site "Internet Chess Club"]
[Date "2009.02.02"]
[Round "1"]
[White "CalyDeArgentina"]
[Black "Despair"]
[Result "1-0"]
[WhiteElo "1837"]
[BlackElo "1932"]
[Opening "Queen's pawn: English defense"]
[ECO "A40"]
[Time "03:00:15"]
[TimeControl "2700+45"]

1. d4 b6 2. e4 Bb7 3. Bd3 Nf6 4. f3 e6 5. Ne2 Nc6 6. a3 Be7 7. O-O O-O 8. Be3 d5
9. e5 Nd7 10. c3 a5 11. f4 Ba6 12. Bxa6 Rxa6 13. Qd3 Qc8 14. Nd2 Ra8 15. Rf3 f5
16. Kh1 Qa6 17. Qxa6 Rxa6 18. c4 dxc4 19. Nxc4 b5 20. Nd2 Nd8 21. Rc1 c6 22. Bf2
b4 23. Rc2 b3 24. Rxb3 a4 25. Rbc3 Ra5 26. Nc4 Ra6 27. Nc1 Ra8 28. Nd3 g6 29.
Nc5 Nxc5 30. dxc5 Nf7 31. Rd3 Rfd8 32. Rcd2 Rd5 33. Nb6 Rxd3 34. Rxd3 Ra5 35.
Rc3 g5 36. g3 Nh6 37. h3 g4 38. h4 Nf7 39. Nc8 Bf8 40. Nd6 Be7 41. Rc4 h5 42.
Rb4 Nd8 43. Rb8 Kg7 44. Rb6 Ra8 45. Kg2 Kg6 46. Kf1 Bf8 47. Ke2 Be7 48. Kd3 Ra5
49. Kc4 Ra7 50. Kb4 Rd7 51. Kxa4 Ra7+ 52. Kb4 Ra8 53. a4 Ra7 54. a5 Ra8 55. a6
Kg7 56. Nb7 Ra7 57. Nxd8 Bxd8 58. Rxc6 Kf7 59. Kc4 Be7 60. b4 Rd7 61. b5 Rd2 62.
a7 {Black resigns} 1-0

[Event "Team 45 45 League T40"]
[Site "Internet Chess Club"]
[Date "2009.01.31"]
[Round "1"]
[White "BigH"]
[Black "calily"]
[Result "0-1"]
[WhiteElo "1702"]
[BlackElo "1642"]
[Opening "Réti opening"]
[ECO "A11"]
[Time "04:00:47"]
[TimeControl "2700+45"]

1. Nf3 d5 2. c4 c6 3. Nc3 Nf6 4. Qc2 Nbd7 5. cxd5 Nxd5 6. e4 Nxc3 7. bxc3 e6 8.
d4 c5 9. Be3 cxd4 10. cxd4 Bb4+ 11. Nd2 O-O 12. Bd3 Nf6 13. e5 Ng4 14. Bxh7+ Kh8
15. Bd3 Nxe3 16. fxe3 Qh4+ 17. g3 Qg5 18. Kf2 Bd7 19. Nf3 Qh5 20. g4 Qh3 21.
Rag1 Rac8 22. Qb1 Be7 23. Rg3 Qh6 24. Kg2 Bc6 25. Be4 Bxe4 26. Qxe4 Kg8 27. h4
Qh7 28. Qxb7 Qc2+ 29. Kh3 Rc7 30. Qb1 Rfc8 31. Rg2 Qc3 32. Qe1 Qa3 33. Rhh2 Rc1
34. Qe2 R8c2 35. Qb5 Qxe3 36. Kg3 Rxg2+ 37. Rxg2 Bxh4+ 38. Kxh4 Qxf3 39. Rh2 Qf4
40. Qb2 Rg1 41. Qe2 Qh6# {White checkmated} 0-1

[Event "Team 45 45 League T40"]
[Site "Internet Chess Club"]
[Date "2009.02.02"]
[Round "1"]
[White "alexcluster"]
[Black "quotha"]
[Result "0-1"]
[WhiteElo "1628"]
[BlackElo "1662"]
[Opening "QGA, 4.Nc3"]
[ECO "D24"]
[Time "15:00:06"]
[TimeControl "2700+45"]

1. d4 d5 2. Nf3 Nf6 3. c4 dxc4 4. Nc3 a6 5. a4 Bf5 6. e3 e6 7. Bxc4 Bb4 8. O-O
O-O 9. Bd3 Bxd3 10. Qxd3 c5 11. Rd1 Nc6 12. dxc5 Qxd3 13. Rxd3 Bxc5 14. b3 Rfd8
15. Rxd8+ Rxd8 16. Bb2 Na5 17. Ne2 Nxb3 18. Rb1 Ne4 19. Ned4 Ned2 20. Nxd2 Nxd2
21. Rc1 b6 22. h3 h5 23. Rc2 Ne4 24. Nb3 Rd1+ 25. Kh2 Bd6+ 26. g3 h4 27. Kg2
hxg3 28. fxg3 Nxg3 29. Bd4 Nf5 30. Rc6 Bb4 31. Bxb6 Nxe3+ 32. Bxe3 Rd3 33. Rxa6
Rxe3 34. Nd4 Ra3 35. Nc6 Bc3 36. Ra8+ Kh7 37. a5 f5 38. a6 e5 39. a7 Bd4 40.
Nxd4 exd4 41. Rd8 Rxa7 42. Rxd4 Ra3 43. h4 Kh6 44. Rf4 g6 45. Kh2 Re3 46. Rf2
Re4 47. Kg3 Rg4+ 48. Kh3 Kh5 49. Rd2 Rxh4+ 50. Kg3 f4+ 51. Kf3 g5 52. Rd5 Rh3+
53. Kg2 Rg3+ 54. Kf2 Kg4 55. Rd4 Rc3 56. Re4 Rc2+ 57. Ke1 Kf3 58. Re5 g4 59. Rb5
Kg3 60. Rb3+ f3 61. Kd1 Ra2 {White resigns} 0-1

[Event "Team 45 45 League T40"]
[Site "Internet Chess Club"]
[Date "2009.02.01"]
[Round "1"]
[White "pelayo"]
[Black "Dbronstein06"]
[Result "1-0"]
[WhiteElo "1684"]
[BlackElo "1645"]
[Opening "English opening"]
[ECO "A05"]
[Time "12:11:32"]
[TimeControl "2700+45"]

1. Nf3 Nf6 2. c4 g6 3. b4 Bg7 4. Bb2 O-O 5. g3 d6 6. Bg2 e5 7. d3 Nc6 8. b5 Ne7
9. O-O Nd7 10. Nbd2 f5 11. Nb3 Nf6 12. Ng5 h6 13. Bxb7 {Black resigns} 1-0

[Event "Team 45 45 League T40"]
[Site "Internet Chess Club"]
[Date "2009.02.01"]
[Round "1"]
[White "tsia68"]
[Black "primerpaso"]
[Result "1/2-1/2"]
[WhiteElo "1889"]
[BlackElo "1793"]
[Opening "English, 1...Nf6 (Anglo-Indian defense)"]
[ECO "A15"]
[Time "13:00:35"]
[TimeControl "2700+45"]

1. c4 Nf6 2. g3 g6 3. Bg2 Bg7 4. Nc3 c6 5. e4 d6 6. Nge2 O-O 7. d3 e5 8. O-O Be6
9. Bg5 Qd7 10. Re1 h6 11. Bd2 d5 12. Qc1 Kh7 13. b3 Na6 14. a3 Rfd8 15. Ra2 Rac8
16. Qc2 b5 17. Nd1 dxc4 18. dxc4 Qd3 19. Ne3 Nc5 20. Qxd3 Rxd3 21. Nc1 Rd7 22.
f3 Rcd8 23. Ba5 Rb8 24. Bb4 Nd3 25. Nxd3 Rxd3 26. Bf1 Rxb3 27. Bd6 Re8 28. Bxe5
Bxc4 29. Bxc4 bxc4 30. Nxc4 Rxf3 31. Rd2 Ng4 32. Bxg7 Kxg7 33. Rd7 Nf6 34. Rxa7
Rxe4 35. Rxe4 Nxe4 36. Re7 Nc3 37. Rc7 Rf6 38. Ne5 Nb5 39. Rxc6 Rxc6 40. Nxc6
Nxa3 41. Kf2 Kf6 42. Kf3 Nc4 43. Nd4 Ne5+ 44. Ke4 Ng4 45. h4 Ne5 46. Ne2 Nc6 47.
Nf4 Ne7 48. Ne2 Nf5 49. Kf4 Ke6 50. Nc3 Ng7 51. Ne2 Nh5+ 52. Kf3 Ke5 53. Nc3 f5
54. Ne2 Nf6 55. Nf4 g5 56. hxg5 hxg5 57. Ne2 Nd5 58. Nc1 Nf6 59. Nd3+ Kd4 60.
Nf2 Nd5 61. g4 fxg4+ {Game drawn by mutual agreement} 1/2-1/2

[Event "Team 45 45 League T40"]
[Site "Internet Chess Club"]
[Date "2009.02.01"]
[Round "1"]
[White "fishhead"]
[Black "Portola"]
[Result "1/2-1/2"]
[WhiteElo "1799"]
[BlackElo "1823"]
[Opening "French: Rubinstein variation"]
[ECO "C10"]
[Time "18:00:40"]
[TimeControl "2700+45"]

1. e4 e6 2. d4 d5 3. Nc3 dxe4 4. Nxe4 Be7 5. Nf3 Nd7 6. Bd3 Ngf6 7. Ng3 b6 8.
O-O Bb7 9. c4 O-O 10. Bd2 c5 11. Bc3 Qc7 12. Qe2 Rfe8 13. Ne5 cxd4 14. Bxd4 Nxe5
15. Bxe5 Qc6 16. f3 Rac8 17. Rac1 Ba8 18. Bc3 a5 19. a3 Qc5+ 20. Kh1 Qg5 21. b4
axb4 22. axb4 Nh5 23. Nxh5 Qxh5 24. f4 Qxe2 25. Bxe2 Bb7 26. Kg1 Ra8 27. Ra1
Red8 28. Kf2 Bc6 29. g4 Be4 30. Ke3 f5 31. g5 Bb7 32. Rfd1 Rxd1 33. Rxa8+ Bxa8
34. Bxd1 Kf7 35. Kd4 h6 36. h4 hxg5 37. hxg5 g6 38. c5 bxc5+ 39. bxc5 Bc6 40.
Ke5 Bxc5 41. Bb3 Bd7 42. Bd4 Bf8 43. Be3 Ba3 44. Bc4 Ke7 45. Kd4 Bc6 46. Ba2 Kd6
47. Bd2 Bc5+ 48. Kd3 Bd5 49. Bc4 e5 50. fxe5+ Kxe5 51. Bc3+ Kd6 52. Bb5 Ke7 53.
Bf6+ Kf7 54. Bd4 Bd6 55. Ke3 Bg3 56. Bf6 f4+ 57. Kd4 Be6 58. Ke4 Bf5+ 59. Kf3
Be6 60. Bc6 Bc4 61. Be5 Bb3 62. Bxf4 Bxf4 63. Kxf4 Bc4 64. Be4 Kg7 65. Ke5 Bb3
66. Kd6 Ba2 {Game drawn by mutual agreement} 1/2-1/2

[Event "Team 45 45 League T40"]
[Site "Internet Chess Club"]
[Date "2009.01.29"]
[Round "1"]
[White "Mater"]
[Black "tryanything"]
[Result "1-0"]
[WhiteElo "1705"]
[BlackElo "1671"]
[Opening "QGD: Albin counter-gambit"]
[ECO "D08"]
[Time "17:00:20"]
[TimeControl "2700+45"]

1. d4 d5 2. c4 e5 3. e3 exd4 4. exd4 dxc4 5. Bxc4 Bb4+ 6. Nc3 Qe7+ 7. Ne2 Nf6 8.
O-O O-O 9. a3 Bd6 10. h3 Bf5 11. Bg5 Nbd7 12. Nd5 Qd8 13. Nec3 h6 14. Qf3 hxg5
15. Qxf5 Nxd5 16. Nxd5 c6 17. Nc3 g6 18. Qxg6+ Kh8 19. Qh6+ Kg8 20. Qxd6 {Black
resigns} 1-0

[Event "Team 45 45 League T40"]
[Site "Internet Chess Club"]
[Date "2009.02.01"]
[Round "1"]
[White "Rainbird"]
[Black "markgravitygood"]
[Result "0-1"]
[WhiteElo "1794"]
[BlackElo "1736"]
[Opening "Queen's pawn game, Darooha variation "]
[ECO "D11"]
[Time "10:00:19"]
[TimeControl "2700+45"]

1. Nf3 d5 2. d4 Nf6 3. c4 c6 4. Qb3 dxc4 5. Qxc4 Bf5 6. g3 e6 7. Bg2 Be7 8. O-O
O-O 9. Nc3 Nbd7 10. Re1 Ne4 11. Nxe4 Bxe4 12. Nd2 Nb6 13. Qb3 Bxg2 14. Kxg2 Qxd4
15. Nf3 Qd5 16. Qc2 Rfd8 17. Bf4 Qc4 18. Qxc4 Nxc4 19. b3 Na3 20. Rac1 f6 21. e4
e5 22. Be3 Kf7 23. Nh4 g6 24. Kf1 Bb4 25. Red1 Rxd1+ 26. Rxd1 Ke7 27. Nf3 a5 28.
Bb6 Ra6 29. Be3 Nc2 30. Ke2 Nxe3 31. Kxe3 a4 32. Nd2 axb3 33. axb3 Ra2 34. h4
Bxd2+ 35. Rxd2 Rxd2 36. Kxd2 Kd6 37. f4 f5 38. h5 exf4 39. hxg6 hxg6 40. exf5
gxf5 41. gxf4 c5 42. Kc3 Kd5 43. Kd3 b5 {White resigns} 0-1

[Event "Team 45 45 League T40"]
[Site "Internet Chess Club"]
[Date "2009.01.30"]
[Round "1"]
[White "BraafPaard"]
[Black "SneakyRed"]
[Result "0-1"]
[WhiteElo "1556"]
[BlackElo "1900"]
[Opening "Caro-Kann: advance variation"]
[ECO "B12"]
[Time "11:00:40"]
[TimeControl "2700+45"]

1. e4 c6 2. d4 d5 3. e5 Bf5 4. c3 e6 5. Be3 Qb6 6. Qb3 Nd7 7. Nd2 c5 8. Ngf3
cxd4 9. Qxb6 Nxb6 10. Bxd4 Ne7 11. Nh4 Bc2 12. Rc1 Ba4 13. b3 Bc6 14. Bd3 Ng6
15. Nxg6 hxg6 16. O-O Nd7 17. b4 a6 18. a3 Ba4 19. c4 dxc4 20. Rxc4 Bb5 21. Rc3
Bxd3 22. Rxd3 Rc8 23. Rc3 Rxc3 24. Bxc3 Nb6 25. Bd4 Nd5 26. Ne4 Kd7 27. Rc1 Be7
28. Nc5+ Bxc5 29. Rxc5 Rh4 30. Bb2 Re4 31. Kf1 Nf4 32. Rc2 Nd3 33. Bc3 Rc4 34.
Ke2 Nf4+ 35. Kf3 Nd5 36. Ke2 Rxc3 {White resigns} 0-1

[Event "Team 45 45 League T40"]
[Site "Internet Chess Club"]
[Date "2009.02.03"]
[Round "1"]
[White "Konstantinos"]
[Black "jazzyrick"]
[Result "1-0"]
[WhiteElo "1696"]
[BlackElo "1506"]
[Opening "Nimzo-Indian: 4.e3 c5"]
[ECO "E41"]
[Time "11:40:50"]
[TimeControl "2700+45"]

1. d4 Nf6 2. c4 e6 3. e3 Bb4+ 4. Nc3 c5 5. dxc5 Bxc3+ 6. bxc3 Qa5 7. Bb2 Qxc5 8.
Nf3 b6 9. Be2 Bb7 10. O-O O-O 11. a4 Qc6 12. Qd4 d5 13. Rfd1 Nbd7 14. cxd5 Nxd5
15. c4 N5f6 16. Qd6 Rac8 17. Qxc6 Rxc6 18. Nd4 Rcc8 19. a5 bxa5 20. Rxa5 a6 21.
Nf3 Rc5 22. Rxc5 Nxc5 23. Ne5 Rc8 24. Ba3 Na4 25. Rd6 Ne4 26. Rd7 Nec5 27. Rxf7
g6 28. Re7 Be4 29. Nf7 Kf8 30. Ra7 Bb7 31. Nd6 Ra8 32. Rxb7 Nxb7 33. Nxb7+ Kf7
34. c5 Nc3 35. Bc4 Nb5 36. Bb2 Nc7 37. Be5 Nd5 38. c6 Ke8 39. e4 Nb6 40. Bxe6 a5
41. Bc7 {Black resigns} 1-0

[Event "Team 45 45 League T40"]
[Site "Internet Chess Club"]
[Date "2009.02.01"]
[Round "1"]
[White "Ianjo"]
[Black "jesterday"]
[Result "0-1"]
[WhiteElo "1838"]
[BlackElo "1985"]
[Opening "Dutch, Korchnoi attack"]
[ECO "A80"]
[Time "13:01:47"]
[TimeControl "2700+45"]

1. d4 f5 2. h3 Nf6 3. g4 d5 4. g5 Ne4 5. Bf4 e6 6. h4 Bd6 7. Nh3 Nc6 8. e3 Bd7
9. Be2 Qe7 10. Nd2 O-O-O 11. a3 e5 12. dxe5 Bxe5 13. c3 h6 14. Qc2 Bxf4 15. Nxf4
hxg5 16. Ng6 Qf7 17. Nxh8 Rxh8 18. Nxe4 dxe4 19. O-O-O gxh4 20. Rdg1 Qf6 21. f4
exf3 22. Bxf3 g5 23. Qf2 Ne5 24. Kc2 Nxf3 25. Qxf3 Bc6 26. Qf2 Bxh1 27. Rxh1 g4
28. Rd1 Kb8 29. Qf4 Qe6 30. Qg5 b6 31. Rd8+ Rxd8 32. Qxd8+ Kb7 33. Qxh4 Qxe3 34.
Qd8 Qe4+ 35. Kb3 g3 36. a4 a5 37. c4 g2 {White resigns} 0-1

[Event "Team 45 45 League T40"]
[Site "Internet Chess Club"]
[Date "2009.02.03"]
[Round "1"]
[White "makito"]
[Black "Frieloe"]
[Result "0-1"]
[WhiteElo "1819"]
[BlackElo "1876"]
[Opening "Dutch defense"]
[ECO "A87"]
[Time "12:01:12"]
[TimeControl "2700+45"]

1. d4 f5 2. c4 d6 3. Nc3 Nf6 4. Nf3 g6 5. g3 Bg7 6. Bg2 O-O 7. O-O Qe8 8. Qc2 c6
9. Bf4 Nh5 10. Bd2 e5 11. dxe5 dxe5 12. e4 f4 13. Ne2 Qe7 14. Rad1 g5 15. gxf4
gxf4 16. Kh1 Kh8 17. Rg1 Bf6 18. Bc3 Na6 19. b3 Nc5 20. Nc1 Bg4 21. b4 Nd7 22.
Nd3 Rfe8 23. Rd2 Ng7 24. Qb2 Bh5 25. Rgd1 Bxf3 26. Bxf3 Nf8 27. Nxf4 Bg5 28. Nd5
cxd5 29. Rxd5 Bf4 30. Bg4 Ng6 31. Rd7 Qh4 32. f3 Rad8 33. R1d5 Rxd7 34. Bxd7 Rd8
35. Qg2 Qe7 36. Qg4 Ne8 37. Bxe8 Qxe8 38. Qf5 Qe7 39. c5 Rf8 40. Qh5 Rd8 41. Qf5
Qh4 42. h3 Rxd5 43. exd5 Qg3 44. Qc2 Qxh3+ 45. Kg1 Be3+ {White resigns} 0-1

[Event "Team 45 45 League T40"]
[Site "Internet Chess Club"]
[Date "2009.01.30"]
[Round "1"]
[White "catrasca"]
[Black "besonegro"]
[Result "0-1"]
[WhiteElo "1609"]
[BlackElo "1713"]
[Opening "Scandinavian defense"]
[ECO "B01"]
[Time "20:00:07"]
[TimeControl "2700+45"]

1. e4 d5 2. exd5 Nf6 3. Nc3 Nxd5 4. Nxd5 Qxd5 5. d4 Nc6 6. Be3 Bf5 7. Nf3 e6 8.
Bd3 Bg4 9. Be2 Be7 10. O-O O-O 11. a3 Bf6 12. c3 Rad8 13. h3 Bh5 14. Nh2 Bxe2
15. Qxe2 Rfe8 16. Rad1 a6 17. Qc2 Qh5 18. f4 Be7 19. Rf3 Qg6 20. Qf2 Bd6 21. Ng4
Ne7 22. Ne5 Bxe5 23. fxe5 Nf5 24. Bc1 Rd7 25. Rf1 Rf8 26. g4 h5 27. Kh2 hxg4 28.
hxg4 Qxg4 29. Rg1 Qh4+ 30. Rh3 Qxf2+ {White resigns} 0-1

[Event "Team 45 45 League T40"]
[Site "Internet Chess Club"]
[Date "2009.02.01"]
[Round "1"]
[White "Orinal"]
[Black "LuxAeterna"]
[Result "1/2-1/2"]
[WhiteElo "1462"]
[BlackElo "1775"]
[Opening "Caro-Kann: classical, Spassky variation"]
[ECO "B18"]
[Time "10:00:17"]
[TimeControl "2700+45"]

1. e4 c6 2. d4 d5 3. Nc3 dxe4 4. Nxe4 Bf5 5. Ng3 Bg6 6. Nf3 Nd7 7. h4 h6 8. h5
Bh7 9. Bd3 Bxd3 10. Qxd3 Qc7 11. Bd2 e6 12. O-O-O O-O-O 13. c3 Ngf6 14. Kb1 Kb8
15. Qe2 Qb6 16. Bf4+ Ka8 17. Ne5 Nd5 18. Nxd7 Rxd7 19. Qd2 Ba3 20. Be3 f5 21.
Ne2 Rhd8 22. Ka1 Be7 23. Nf4 Nxf4 24. Bxf4 c5 25. Be3 e5 26. Qc2 f4 27. dxc5
Bxc5 28. Bxc5 Qxc5 29. f3 Rd5 {Game drawn by mutual agreement} 1/2-1/2

[Event "Team 45 45 League T40"]
[Site "Internet Chess Club"]
[Date "2009.02.01"]
[Round "1"]
[White "xakelari"]
[Black "Bega"]
[Result "1-0"]
[WhiteElo "2064"]
[BlackElo "1802"]
[Opening "Four knights: Spanish, classical defense"]
[ECO "C48"]
[Time "11:59:45"]
[TimeControl "2700+45"]

1. e4 e5 2. Nf3 Nc6 3. Nc3 Nf6 4. Bb5 Bc5 5. O-O d6 6. d4 exd4 7. Nxd4 Bxd4 8.
Qxd4 Bd7 9. Bxc6 Bxc6 10. Bg5 Qe7 11. Nd5 Bxd5 12. exd5 O-O 13. Rfe1 Qd8 14. Re3
h6 15. Bxf6 Qxf6 16. Qxf6 gxf6 17. Re7 Rac8 18. Rae1 Rfd8 19. f3 Kf8 20. Kf2 Re8
21. Rxe8+ Rxe8 22. Rxe8+ Kxe8 23. Ke3 Ke7 24. Kf4 c6 25. c4 a5 26. Kf5 h5 27. h4
a4 28. a3 cxd5 29. cxd5 b6 30. g4 hxg4 31. fxg4 b5 32. h5 {Black resigns} 1-0

[Event "Team 45 45 League T40"]
[Site "Internet Chess Club"]
[Date "2009.02.01"]
[Round "1"]
[White "ddlj81"]
[Black "chipionero"]
[Result "1-0"]
[WhiteElo "1824"]
[BlackElo "1721"]
[Opening "Sicilian"]
[ECO "B54"]
[Time "11:00:11"]
[TimeControl "2700+45"]

1. e4 c5 2. Nf3 d6 3. d4 cxd4 4. Nxd4 a6 5. c4 Nf6 6. Nc3 e5 7. Nb3 Be6 8. Be2
Be7 9. O-O O-O 10. Be3 Qc7 11. Rc1 Nbd7 12. f3 Nb6 13. Nd5 Bxd5 14. cxd5 Qd8 15.
Qd2 Nbd7 16. Na5 Qb8 17. Qb4 Nc5 18. Bxc5 dxc5 19. Qxb7 Qxb7 20. Nxb7 Rfb8 21.
Nxc5 Rxb2 22. Bxa6 h6 23. Nd3 Rxa2 24. Bc4 Rd2 25. Nxe5 Ne8 26. Nxf7 Bc5+ 27.
Kh1 Kxf7 28. d6+ Kf6 29. Bd5 Rd8 30. Rxc5 Rxd6 31. e5+ {Black resigns} 1-0

[Event "Team 45 45 League T40"]
[Site "Internet Chess Club"]
[Date "2009.01.31"]
[Round "1"]
[White "IceBox"]
[Black "parrot9"]
[Result "1/2-1/2"]
[WhiteElo "1723"]
[BlackElo "1730"]
[Opening "English: Bremen, reverse dragon"]
[ECO "A22"]
[Time "09:00:11"]
[TimeControl "2700+45"]

1. c4 e5 2. Nc3 Nf6 3. g3 d5 4. cxd5 Nxd5 5. Bg2 Be6 6. Nf3 Nc6 7. O-O f5 8. d3
Be7 9. Re1 O-O 10. Qb3 Ncb4 11. Nxe5 Nf4 12. Qd1 Nxg2 13. Kxg2 Nd5 14. Kg1 f4
15. Nxd5 Qxd5 16. gxf4 g5 17. e4 Qd8 18. f5 Bd6 19. Nf3 Bxf5 20. Qb3+ Kh8 21.
Bxg5 Qd7 22. Qc3+ Kg8 23. exf5 Qxf5 24. Qc4+ Kh8 25. Qd4+ Kg8 26. Qc4+ Kh8 27.
Qd4+ Kg8 28. Qc4+ {Game drawn by repetition} 1/2-1/2

[Event "Team 45 45 League T40"]
[Site "Internet Chess Club"]
[Date "2009.02.01"]
[Round "1"]
[White "siddhu"]
[Black "egd01"]
[Result "1/2-1/2"]
[WhiteElo "1751"]
[BlackElo "1533"]
[Opening "Sicilian: Alapin's variation (2.c3)"]
[ECO "B22"]
[Time "15:47:33"]
[TimeControl "2700+45"]

1. e4 c5 2. c3 d5 3. exd5 Qxd5 4. d4 Nf6 5. Nf3 Bg4 6. dxc5 Qxd1+ 7. Kxd1 Bxf3+
8. gxf3 e6 9. b4 Nc6 10. Bb5 Rc8 11. Bf4 Nd5 12. Be3 Be7 13. a3 O-O 14. c4 Nxe3+
15. fxe3 a6 16. Bxc6 Rxc6 17. Nd2 Rd8 18. Ke2 Bh4 19. Ne4 Be7 20. Rad1 Rcc8 21.
Rxd8+ Rxd8 22. Rd1 Rxd1 23. Kxd1 Kf8 24. Nd6 Bxd6 25. cxd6 Ke8 26. Kc2 Kd7 27.
c5 b6 28. Kc3 b5 29. Kd4 f6 30. f4 g6 31. h4 Kc6 32. Ke4 Kd7 33. Kf3 Kc6 34. Kg4
h5+ 35. Kf3 Kd7 36. e4 Kc6 37. e5 f5 38. Ke3 Kd7 39. c6+ Kxc6 40. Kd4 Kb6 {Game
drawn by mutual agreement} 1/2-1/2

[Event "Team 45 45 League T40"]
[Site "Internet Chess Club"]
[Date "2009.02.01"]
[Round "1"]
[White "SlimeDog2"]
[Black "eurander"]
[Result "1/2-1/2"]
[WhiteElo "2162"]
[BlackElo "2253"]
[Opening "Queen's pawn game, Darooha variation "]
[ECO "D02"]
[Time "17:00:35"]
[TimeControl "2700+45"]

1. d4 d5 2. Nf3 Nf6 3. g3 Bg4 4. Ne5 Bf5 5. Bg2 e6 6. c4 c6 7. Nc3 Nbd7 8. cxd5
exd5 9. Nd3 Bd6 10. O-O O-O 11. Bf4 Bxf4 12. gxf4 Ne4 13. Ne5 f6 14. Nd3 Re8 15.
e3 Qe7 16. Re1 Qf7 17. f3 Nxc3 18. bxc3 Bxd3 19. Qxd3 f5 20. Re2 g6 21. Rf1 Nf6
{Game drawn by mutual agreement} 1/2-1/2